 Dungeon Crawl Stone Soup version 0.20.1-1-g8b1a95d (webtiles) character file.

81 Knicklaso the Skirmisher (level 4, 0/45 HPs)
             Began as an Ogre Warper on July 25, 2017.
             Was an Initiate of Cheibriados.
             Killed by nerve-wracking pain
             ... invoked by an orc priest
              (7 damage)
             ... on level 3 of the Dungeon.
             The game lasted 00:07:13 (1969 turns).

Knicklaso the Skirmisher (Ogre Warper)              Turns: 1969, Time: 00:07:13

Health: 0/45       AC:  3    Str: 17    XL:     4   Next: 40%
Magic:  13/23      EV: 10    Int: 15    God:    Cheibriados [......]
Gold:   105        SH:  0    Dex:  9    Spells: 4/8 levels left

rFire    . . .     SeeInvis .   t - staff of power
rCold    . . .     Gourm    .   (no shield)
rNeg     . . .     Faith    .   b - +0 robe
rPois    .         Spirit   .   (helmet restricted)
rElec    .         Reflect  .   (no cloak)
rCorr    .         Harm     .   (gloves unavailable)
MR       .....                  (boots unavailable)
Stlth    +.........             (no amulet)
Regen    0.2/turn               (no ring)
MPRegen  0.2/turn               (no ring)

@: very slightly contaminated, very slow
A: unfitting armour, tough skin 1
a: Bend Time, Renounce Religion


You were on level 3 of the Dungeon.
You worshipped Cheibriados.
Cheibriados was noncommittal.
You were not hungry.

You visited 1 branch of the dungeon, and saw 3 of its levels.

You collected 105 gold pieces.

Inventory:

Hand Weapons
 a - a +0 mace
Missiles
 e - 4 tomahawks of dispersal
 g - 64 stones (quivered)
 n - 5 javelins of penetration
Armour
 b - a +0 robe (worn)
 u - a scarf of spirit shield
Magical Staves
 t - an uncursed staff of power (weapon)
Wands
 i - a wand of lightning (6/15)
Scrolls
 d - a scroll of blinking
 h - a scroll of teleportation {unknown}
 j - 4 scrolls of remove curse {unknown}
 m - a scroll of enchant weapon {unknown}
 o - 4 scrolls of identify {unknown}
 q - a scroll of recharging {unknown}
 r - a scroll of enchant armour {unknown}
Potions
 k - a potion of haste {unknown}
 l - 2 potions of curing {unknown}
 p - a potion of agility {unknown}
Books
 c - a book of Spatial Translocations

   Spells                             Type                      Level
   a - Blink                          Translocation                2
   b - Shroud of Golubria             Charms/Translocation         2
   c - Lesser Beckoning               Translocation                3
   d - Gell's Gravitas                Translocation                3
   e - Teleport Other                 Translocation                3
   f - Passage of Golubria            Translocation                4
Comestibles
 f - 3 bread rations
 s - a chunk of flesh


   Skills:
 + Level 3.3 Fighting
 * Level 2.5 Maces & Flails
 * Level 2.4 Throwing
 + Level 2.6 Dodging
 + Level 2.7 Spellcasting
 - Level 2.6 Translocations


You had 4 spell levels left.
You knew the following spells:

 Your Spells              Type           Power        Failure   Level  Hunger
a - Shroud of Golubria    Chrm/Tloc      #.........   19%         2    ##.....
b - Blink                 Tloc           N/A          11%         2    ##.....


Dungeon Overview and Level Annotations

Branches:
Dungeon (3/15)

Altars:
Cheibriados


Innate Abilities, Weirdness & Mutations

You are too large for most types of armour.
You have tough skin. (AC +1)


Message History

Casting: Shroud of Golubria
Confirm with . or Enter, or press ? or * to list all spells.
You miscast Shroud of Golubria.
You catch a glimpse of the back of your own head.
The orc priest calls down the wrath of Beogh upon you.
Beogh smites you! The orc hits you but does no damage.
Casting: Shroud of Golubria
Confirm with . or Enter, or press ? or * to list all spells.
Space distorts slightly along a thin shroud covering your body.
The orc priest hits you with a whip.
* * * LOW HITPOINT WARNING * * *
Your shroud falls apart!
The orc hits you with a trident.
* * * LOW HITPOINT WARNING * * *
Casting: Shroud of Golubria
Confirm with . or Enter, or press ? or * to list all spells.
You blink.
The orc priest calls down the wrath of Beogh upon you.
Pain shoots through your body!
You die...

...#.#<............
......#...>#.......<
........#.#####.###
..#.##....# #.#
#.#.##.#.## #.#
#.#....#.# #.#
#.####.#.# #.###
##......#ยง# #....
#..@....oo# ####.
#!......###### #.
(.........# #.
###......## ######)
#.#...##########......
...##.##
#........####. ### ##
#.##.###.## #. #.#.##
##.# #. #.#.# #.# #.


You could see an orc priest and an orc.

Vanquished Creatures
  3 adders
  A worm (D:2)
  2 dart slugs (D:3)
  A leopard gecko (D:2)
  2 orcs (D:3)
  4 bats
  A giant cockroach (D:2)
  7 goblins
  4 hobgoblins
  2 jackals (D:1)
  A quokka (D:2)
  3 ball pythons (D:1)
  2 frilled lizards (D:2)
  6 kobolds
  2 rats
41 creatures vanquished.

Notes
Turn   | Place    | Note
-------+----------+-------------------------------------------
     0 | D:1      | Knicklaso the Ogre Warper began the quest for the Orb.
     0 | D:1      | Reached XP level 1. HP: 22/22 MP: 3/3
   170 | D:1      | Reached skill level 3 in Fighting
   301 | D:1      | Reached XP level 2. HP: 31/31 MP: 5/5
   345 | D:1      | Learned a level 2 spell: Shroud of Golubria
   348 | D:1      | Learned a level 2 spell: Blink
   972 | D:2      | Found a snail-covered altar of Cheibriados.
  1019 | D:2      | Reached XP level 3. HP: 28/37 MP: 3/6
  1138 | D:2      | Became a worshipper of Cheibriados the Contemplative
  1533 | D:2      | Reached XP level 4. HP: 45/45 MP: 7/7
  1969 | D:3      | Killed from afar by an orc priest

Skill      XL: |  1  2  3 |
---------------+----------+-----
Fighting       | 3 |  3.3
Maces & Flails | 2 |  2.5
Throwing       | 2 |  2.4
Dodging        | |  2.6
Spellcasting   | |  2.7
Translocations | |  2.6

Action                   |  1- 3 |  4- 6 || total
-------------------------+-------+-------++-------
Melee: Mace              |    75 |    28 ||   103
       Staff             |       |    19 ||    19
Throw: Stone             |    82 |    15 ||    97
       Tomahawk          |     1 |       ||     1
 Cast: Shroud of Golubri |     8 |     6 ||    14
       Blink             |       |     1 ||     1
  Eat: Chunk             |     3 |     2 ||     5
Armor: Robe              |    26 |    16 ||    42
Dodge: Dodged            |    52 |    40 ||    92
